 Dungeon Crawl Stone Soup version 0.13.0-25-g43d4df3 (webtiles) character file.

258 Malachi the Charmwright (level 4, 0/35 HPs)
             Began as a Demigod Skald on Oct 27, 2013.
             Slain by an adder (3 damage)
             ... on Level 3 of the Dungeon.
             The game lasted 00:04:46 (3007 turns).

Malachi the Charmwright (Demigod Skald)             Turns: 3007, Time: 00:04:47

HP   0/35        AC  3     Str 22      XL: 4   Next: 32%
MP  10/11        EV 11     Int 17      God:
Gold 151         SH  7     Dex 15      Spells:  1 memorised,  5 levels left

Res.Fire  : . . .   See Invis. : .   a - +0 falchion
Res.Cold  : . . .   Warding    : .   b - +0 leather armour
Life Prot.: . . .   Conserve   : .   j - +0 buckler
Res.Poison: .       Res.Corr.  : .   (no helmet)
Res.Elec. : .       Clarity    : .   (no cloak)
Sust.Abil.: . .     Spirit.Shd : .   (no gloves)
Res.Mut.  : .       Stasis     : .   (no boots)
Res.Rott. : .       Flight     : +   (no amulet)
Saprovore : . . .                    (no ring)
                                     (no ring)

@: mighty, flying, quite poisoned, slightly resistant to hostile enchantments,
unstealthy
A: no striking features
a: no special abilities


You were on level 3 of the Dungeon.
You were not hungry.

You visited 1 branch of the dungeon, and saw 3 of its levels.

You collected 131 gold pieces.

Inventory:

Hand weapons
 a - a +0,+0 falchion (weapon)
 v - a +1,+2 spear of dragon slaying (quivered)
Missiles
 z - 2 javelins
Armour
 b - a +0 leather armour (worn)
 e - a +0 plate armour
 j - a +0 buckler (worn)
 r - a +0 plate armour
Comestibles
 d - 2 bread rations
 i - 9 grapes
 t - an apple
 B - a meat ration
 C - a pear
 D - 4 chunks of orc flesh
Scrolls
 f - a scroll of blinking {unknown}
 g - 2 scrolls of identify {unknown}
 n - 3 scrolls of remove curse {unknown}
 p - a scroll of curse armour {unknown}
 u - a scroll of fear {unknown}
 x - a scroll of amnesia {unknown}
 y - 2 scrolls of enchant armour {unknown}
Jewellery
 m - an uncursed amulet of resist corrosion {unknown}
 s - an uncursed amulet of the gourmand {unknown}
Potions
 h - a potion of heal wounds {unknown}
 k - a potion of degeneration {unknown}
 l - a potion of curing {unknown}
 o - a potion of brilliance {unknown}
 q - a potion of might
 w - a potion of poison
 A - a potion of flight
Books
 c - a book of Battle

   Spells                             Type                      Level
   *Infusion                          Charms                       1
   Shroud of Golubria                 Charms/Translocation         2
   Song of Slaying                    Charms                       2
   Spectral Weapon                    Hexes/Charms                 3
   Regeneration                       Charms/Necromancy            3
   Song of Shielding                  Charms                       4


   Skills:
 + Level 1.8 Fighting
 * Level 2.3 Long Blades
 + Level 1.9 Armour
 + Level 1.9 Dodging
 - Level 0.4 Stealth
 + Level 0.1 Shields
 - Level 1.8 Spellcasting
 - Level 3.5 Charms


You had 5 spell levels left.
You knew the following spells:

 Your Spells              Type           Power        Failure   Level  Hunger
a - Infusion              Chrm           ##....       8%          1    #......


Dungeon Overview and Level Annotations

Branches:
Dungeon (3/27)


Message History

Unknown command.
Drink which item? (? for menu, Esc to quit)
You feel very mighty all of a sudden.
It was a potion of might.
The adder misses you. You block the adder's attack.
The giant newt barely misses you.
Drink which item? (? for menu, Esc to quit)
That liquid tasted very nasty...
You are more poisoned.
It was a potion of poison.
* * * LOW HITPOINT WARNING * * *
You feel sick.
You feel a little better. The adder bites you.
* * * LOW HITPOINT WARNING * * *
The giant newt misses you.
Drink which item? (? for menu, Esc to quit)
You feel very buoyant.
You fly up into the air.
It was a potion of flight.
* * * LOW HITPOINT WARNING * * *
You feel sick. The adder bites you.
You die...

##. .. #####
#####.#### #....
#.......... ##....
#...........#.....
###.................
#.S.l....%....##....
#@((........##....
####.####### #....
#.# ####+ #%### #.
#...# ### ###.## #..
#..# #.. ######.###
#.. #........# #..


You could see an adder and a giant newt.

Vanquished Creatures
  2 adders
  A worm (D:2)
  4 giant geckos
  6 orcs (D:3)
  9 bats
  A giant cockroach (D:2)
  7 goblins
  5 hobgoblins
  7 jackals
  5 giant newts
  12 kobolds
  9 rats
68 creatures vanquished.

Notes
Turn   | Place    | Note
--------------------------------------------------------------
     0 | D:1      | Malachi, the Demigod Skald, began the quest for the Orb.
     0 | D:1      | Reached XP level 1. HP: 16/16 MP: 5/5
   121 | D:1      | Reached skill level 3 in Charms
   320 | D:1      | Reached XP level 2. HP: 20/23 MP: 3/6
   346 | D:1      | Reached skill level 1 in Dodging
   841 | D:2      | Reached skill level 1 in Armour
  1230 | D:2      | HP: 1/23 [rat (2)]
  1235 | D:2      | Reached XP level 3. HP: 2/28 MP: 4/9
  1692 | D:2      | Noticed an elephant slug
  1694 | D:2      | Found a snail-covered altar of Cheibriados.
  1695 | D:2      | Noticed an agate snail
  1696 | D:2      | Noticed a giant slug
  1748 | D:2      | Found a bloodstained altar of Trog.
  2737 | D:3      | Reached XP level 4. HP: 22/35 MP: 11/11
  3007 | D:3      | Slain by an adder

Action                   |  1- 3 |  4- 6 || total
-------------------------+-------+-------++-------
Melee: Falchion          |   196 |    43 ||   239
Throw: Spear             |     1 |       ||     1
 Cast: Infusion          |    21 |     2 ||    23
  Use: Potion            |       |     3 ||     3
